 Dungeon Crawl Stone Soup version 0.31-a0-175-g9f7f995f2b (webtiles) character file.

Game seed: 13292747592581475657

110 qw the Shooter (level 4, -2/40 HPs)
             Began as a Naga Hunter on June 16, 2023.
             Killed from afar by Sigmund (9 damage)
             ... with a magic dart
             ... on level 3 of the Dungeon.
             The game lasted 00:00:32 (1474 turns).

qw the Shooter (Naga Hunter)                        Turns: 1474, Time: 00:00:33

Health: -2/40      AC:  4    Str: 12 (13) XL:     4   Next: 91%
Magic:  4/4        EV:  9    Int: 11      God:
Gold:   77         SH:  0    Dex: 17      Spells: 3/3 levels left

rFire   . . .        Y - +6 sling
rCold   . . .        (no shield)
rNeg    . . .        f - +2 leather armour of Qosof {Int+2}
rPois   +            (no helmet)
rElec   .            (no cloak)
rCorr   .            (no gloves)
SInv    +            (no barding)
Will    .....        (no amulet)
Stlth   ++           (no ring)
HPRegen 0.26/turn    (no ring)
MPRegen 0.09/turn

%: no passive effects
@: very slow
A: AC +1, large, see invisible, deformed body, poison resistance, slowness 2,
spit poison 1, naga tail 1
a: Spit Poison


You were on level 3 of the Dungeon.
You visited 1 branch of the dungeon, and saw 3 of its levels.

You collected 77 gold pieces.


Innate Abilities, Weirdness & Mutations

Your serpentine skin is tough. (AC +1)
You have supernaturally acute eyesight. (SInv)
Armour fits poorly on your strangely shaped body.
Your system is resistant to poisons. (rPois)
You cover ground very slowly.
You can spit poison.
You have a snake-like lower body.


   Skills:
 + Level 2.7 Fighting
 - Level 5.2 Ranged Weapons
 - Level 1.5 Dodging
 - Level 1.5 Stealth


You had 3 spell levels left.
You didn't know any spells.
Your spell library was empty.

Inventory:

Hand Weapons
 Y - a +6 sling (weapon)
Armour
 f - the +2 leather armour of Qosof (worn) {Int+2}
   (You found it on level 2 of the Dungeon)

   Int:       It affects your intelligence (+2).
Potions
 a - a potion of invisibility {unknown}
 b - a potion of curing {unknown}
 e - a potion of haste {unknown}
 i - a potion of might {unknown}
 j - a potion of mutation {unknown}

Dungeon Overview and Level Annotations

Branches:
Dungeon (3/15)

Altars:

Annotations:
D:3 Sigmund


Message History

The splash of poison hits Ijyb but does no damage.
Ijyb is poisoned.
Ijyb is severely wounded.
Ijyb barely misses you.
You shoot a sling bullet. The sling bullet barely misses Ijyb.
The sling bullet hits Sigmund.
Sigmund is moderately wounded.
Ijyb hits you with a +0 dagger.
You shoot a sling bullet.
The sling bullet hits Ijyb but does no damage.
Ijyb is severely wounded.
Ijyb hits you with a +0 dagger. x2
You shoot a sling bullet. The sling bullet hits Ijyb.
Ijyb is almost dead.
You have got your breath back.
You kill Ijyb!
Sigmund closely misses you.
You feel your strength returning.
1469 ||| INVOKING Spit Poison.
Aiming: Spit Poison (1% risk of failure)
Press: ? - help, Shift-Dir - straight line, f - Sigmund The splash of poison misses Sigmund.
You shoot a sling bullet.
The sling bullet hits Sigmund but does no damage.
Sigmund is moderately wounded.
Sigmund laughs darkly.
Sigmund barely misses you.
You shoot a sling bullet. The sling bullet barely misses Sigmund.
Sigmund hits you from afar with a +0 scythe!
You shoot a sling bullet. The sling bullet hits Sigmund.
Sigmund is moderately wounded.
Sigmund closely misses you.
You shoot a sling bullet. The sling bullet hits Sigmund.
Sigmund is moderately wounded.
You shoot a sling bullet.
The sling bullet closely misses Sigmund.
You have got your breath back.
Sigmund gestures at you while chanting. The magic dart hits you!
You die...

..#..%..##.)..# #..#..#.#
........##....# #.....#.#
##......###########.##.##.#
#...............##.##.##.#
#?###...........##.##.##.#
#. #......[....##.##.##[# #
#..............##.##.#
#.###..%.......'...... ...
#@........)##.##.# ####
#)%.........##.##.#
.@.).........##.##.#
...)...##########.##.#
.........# #.##.#
.........# #.##.#
.........# #.##.#
.........# #.#


You could see Sigmund.

Vanquished Creatures
  Jessica (D:3)
  Ijyb (D:3)
  An adder (D:2)
  2 dart slugs
  2 endoplasms (D:2)
  2 giant cockroaches (D:2)
  6 goblins
  2 hobgoblins
  3 quokkas
  2 ball pythons
  6 bats
  6 frilled lizards
  9 kobolds
  3 rats
46 creatures vanquished.

Notes
Turn   | Place    | Note
-------+----------+-------------------------------------------
     0 | D:1      | qw the Naga Hunter began the quest for the Orb.
     0 | D:1      | Reached XP level 1. HP: 19/19 MP: 1/1
     0 | D:1      | 0 ||| qw: Version: 0.2-a-29-g511e9b1
     0 | D:1      | 0 ||| qw: Game counter: 50
     0 | D:1      | 0 ||| qw: Always use a shield: true
     0 | D:1      | 0 ||| qw: God list: Okawaru
     0 | D:1      | 0 ||| qw: Allow faded altars: false
     0 | D:1      | 0 ||| qw: Do Orc after D:15 true
     0 | D:1      | 0 ||| qw: Do second Lair branch before Depths: true
     0 | D:1      | 0 ||| qw: Lair rune preference: random
     0 | D:1      | 0 ||| qw: Plans: Normal
     0 | D:1      | 0 ||| PLANNING D:1-11
    26 | D:1      | 26 ||| INVOKING Spit Poison.
    66 | D:1      | 66 ||| INVOKING Spit Poison.
    69 | D:1      | 69 ||| INVOKING Spit Poison.
    79 | D:1      | 79 ||| INVOKING Spit Poison.
    88 | D:1      | 88 ||| INVOKING Spit Poison.
    92 | D:1      | 92 ||| INVOKING Spit Poison.
    97 | D:1      | 97 ||| INVOKING Spit Poison.
   101 | D:1      | 101 ||| INVOKING Spit Poison.
   167 | D:1      | 167 ||| INVOKING Spit Poison.
   168 | D:1      | 168 ||| INVOKING Spit Poison.
   187 | D:1      | 187 ||| INVOKING Spit Poison.
   189 | D:1      | Reached skill level 4 in Ranged Weapons
   189 | D:1      | Reached XP level 2. HP: 26/26 MP: 2/2
   288 | D:1      | 288 ||| INVOKING Spit Poison.
   298 | D:1      | 298 ||| INVOKING Spit Poison.
   326 | D:1      | 326 ||| INVOKING Spit Poison.
   331 | D:1      | 331 ||| INVOKING Spit Poison.
   479 | D:1      | 479 ||| INVOKING Spit Poison.
   551 | D:1      | 551 ||| READING scroll labelled WIFAMUALLU.
   552 | D:1      | 552 ||| READING scroll labelled TIEFIXT RALO.
   553 | D:1      | 553 ||| READING scroll labelled YBLYAZ ILEE.
   554 | D:1      | 554 ||| READING scroll labelled LIQUFU KIN NUDGH.
   555 | D:1      | 555 ||| DRINKING 2 white potions.
   556 | D:1      | 556 ||| DROPPING scroll of butterflies.
   557 | D:1      | 557 ||| DROPPING potion of degeneration.
   567 | D:2      | 567 ||| INVOKING Spit Poison.
   590 | D:2      | 590 ||| INVOKING Spit Poison.
   593 | D:2      | 593 ||| INVOKING Spit Poison.
   603 | D:2      | 603 ||| INVOKING Spit Poison.
   632 | D:2      | 632 ||| INVOKING Spit Poison.
   682 | D:2      | Identified the +2 leather armour of Qosof {Int+2}
   724 | D:2      | Reached XP level 3. HP: 32/32 MP: 3/3
   724 | D:2      | 724 ||| UPGRADING to +6 sling.
   725 | D:2      | 725 ||| DROPPING +0 shortbow.
   757 | D:2      | 757 ||| INVOKING Spit Poison.
   762 | D:2      | 762 ||| INVOKING Spit Poison.
   897 | D:2      | 897 ||| INVOKING Spit Poison.
   903 | D:2      | 903 ||| INVOKING Spit Poison.
   915 | D:2      | 915 ||| INVOKING Spit Poison.
  1056 | D:2      | 1056 ||| INVOKING Spit Poison.
  1092 | D:2      | 1092 ||| INVOKING Spit Poison.
  1242 | D:2      | 1242 ||| INVOKING Spit Poison.
  1276 | D:2      | 1276 ||| INVOKING Spit Poison.
  1315 | D:2      | 1315 ||| UPGRADING to +2 leather armour of Qosof {Int+2}.
  1325 | D:2      | 1325 ||| DROPPING +0 leather armour.
  1326 | D:2      | 1326 ||| READING scroll labelled NUABYUT FOICW.
  1327 | D:2      | 1327 ||| READING scroll labelled FOL ZAOTITOH WEL.
  1427 | D:3      | Noticed Jessica
  1428 | D:3      | Killed Jessica
  1429 | D:3      | Reached skill level 5 in Ranged Weapons
  1429 | D:3      | Reached XP level 4. HP: 39/39 MP: 4/4
  1430 | D:3      | 1430 ||| INVOKING Spit Poison.
  1444 | D:3      | 1444 ||| INVOKING Spit Poison.
  1447 | D:3      | 1447 ||| INVOKING Spit Poison.
  1447 | D:3      | Noticed Ijyb
  1450 | D:3      | 1450 ||| INVOKING Spit Poison.
  1453 | D:3      | 1453 ||| INVOKING Spit Poison.
  1456 | D:3      | 1456 ||| INVOKING Spit Poison.
  1461 | D:3      | 1461 ||| INVOKING Spit Poison.
  1463 | D:3      | Noticed Sigmund
  1465 | D:3      | 1465 ||| INVOKING Spit Poison.
  1468 | D:3      | Killed Ijyb
  1469 | D:3      | 1469 ||| INVOKING Spit Poison.
  1471 | D:3      | HP: 6/40 [Sigmund/+0 scythe (9)]
  1474 | D:3      | Killed from afar by Sigmund

Levels and vault maps discovered:
D:1:      lightli_arrival_windingriver, layout_basic
D:2:      layout_basic, grunt_decor_mini_mirrors
D:3:      layout_basic, mainiacjoe_overflow_boulevard, uniq_ijyb, uniq_jessica,
          uniq_sigmund

Skill      XL: |  1  2  3 |
---------------+----------+-----
Ranged Weapons | 4 5 |  5.2
Fighting       | |  2.7
Dodging        | |  1.5
Stealth        | |  1.5

Action                     |  1- 3 |  4- 6 || total
---------------------------+-------+-------++-------
   Fire: Shortbow          |    30 |       ||    30
         Sling             |    19 |    24 ||    43
Ability: Spit Poison       |    29 |     9 ||    38
    Use: Scroll            |     6 |       ||     6
         Potion            |     1 |       ||     1
 Armour: Leather armour    |     3 |       ||     3
  Dodge: Dodged            |     7 |    13 ||    20

Table legend:
 A = Non-vault XP
 B = Vault XP
 C = Vault XP percentage of total XP
 D = Non-vault monster count
 E = Vault monster count
 F = Vault count percentage of total count
                 A         B        C        D         E       F
            +---------+---------+-------+---------+---------+-------
      Total |      85 |      73 |  46.2 |      44 |       2 |   4.3
            +---------+---------+-------+---------+---------+-------
        D:1 |      21 |       0 |   0.0 |      12 |       0 |   0.0
        D:2 |      53 |       0 |   0.0 |      24 |       0 |   0.0
        D:3 |      11 |      73 |  86.9 |       8 |       2 |  20.0
            +---------+---------+-------+---------+---------+-------
